 Dungeon Crawl Stone Soup version 0.31-a0-37-g98a128e1d9 (webtiles) character file.

Game seed: 13824448302842979134

189 pk666 the Magician (level 5, -1/28 HPs)
             Began as a Deep Elf Fire Elementalist on May 15, 2023.
             Slain by Ijyb
             ... wielding a +0 club
              (4 damage)
             ... on level 4 of the Dungeon.
             The game lasted 00:06:59 (2973 turns).

pk666 the Magician (Deep Elf Fire Elementalist)     Turns: 2973, Time: 00:07:00

Health: -1/28      AC:  5    Str:  5    XL:     5   Next: 40%
Magic:  5/13       EV: 13    Int: 22    God:
Gold:   141        SH:  0    Dex: 15    Spells: 3/13 levels left

rFire   . . .        e - staff of conjuration
rCold   . . .        (no shield)
rNeg    . . .        v - +2 robe {Will+}
rPois   .            (no helmet)
rElec   .            (no cloak)
rCorr   .            (no gloves)
SInv    .            m - +0 pair of boots
Will    +....        (no amulet)
Stlth   ++           (no ring)
HPRegen 0.24/turn    (no ring)
MPRegen 0.13/turn

%: no passive effects
@: no status effects
A: no striking features
a: no special abilities


You were on level 4 of the Dungeon.
You visited 1 branch of the dungeon, and saw 4 of its levels.

You collected 215 gold pieces.
You spent 74 gold pieces at shops.

Inventory:

Armour
 m - a +0 pair of boots (worn)
 v - a +2 robe of willpower (worn)
Magical Staves
 e - a staff of conjuration (weapon)
Jewellery
 d - an amulet of reflection
 p - a +6 ring of dexterity
Scrolls
 c - 2 scrolls of magic mapping {unknown}
 g - 6 scrolls of identify {unknown}
 h - a scroll of vulnerability {unknown}
 j - 4 scrolls of poison {unknown}
 k - 3 scrolls of noise {unknown}
 l - a scroll of enchant weapon {unknown}
 r - a scroll of teleportation {unknown}
Potions
 a - 2 potions of resistance {unknown}
 f - 3 potions of curing {unknown}
 i - a potion of attraction {unknown}
 n - 2 potions of brilliance {unknown}
 o - 2 potions of mutation {unknown}
 q - a potion of haste {unknown}
 s - a potion of heal wounds {unknown}
 t - a potion of degeneration {unknown}
 u - a potion of experience {unknown}


   Skills:
 + Level 4.0 Dodging
 - Level 2.5 Stealth
 + Level 4.6 Spellcasting
 + Level 2.9 Conjurations
 + Level 4.4 Fire Magic


You had 3 spell levels left.
You knew the following spells:

 Your Spells              Type           Power      Damage    Failure   Level
a - Foxfire               Conj/Fire      100%       2x1d9     2%          1
b - Scorch                Fire           48%        2d7       2%          2
c - Flame Wave            Conj/Fire      31%        2d9       22%         4
d - Stone Arrow           Conj/Erth      34%        3d9       17%         3

Your spell library contained the following spells:

 Spells                   Type           Power      Damage    Failure   Level
 Sandblast                Erth           10%        2d5       11%         1
 Inner Flame              Hex/Fire       14%        N/A       13%         3
 Volatile Blastmotes      Fire/Tloc      28%        2d12      13%         3
 Passwall                 Tmut/Erth      4%         N/A       16%         2
 Dazzling Flash           Conj/Hex       34%        N/A       17%         3
 Agony                    Necr           5%         N/A       96%         5
 Alistair's Intoxication  Tmut/Pois      3%         N/A       96%         5
 Lee's Rapid Deconstruct  Erth           2%         3d5*      96%         5
 Silence                  Hex/Air        2%         N/A       96%         5


Dungeon Overview and Level Annotations

Branches:
Dungeon (4/15)
 Temple: D:4-7

Altars:
Nemelex Xobeh

Shops:
D:4 [

Annotations:
D:4 Ijyb


Message History

Flames lash Ijyb but do no damage.
Ijyb barely misses you.
Casting: Scorch (safe; 2% risk of failure)
Confirm with . or Enter, or press ? or * to list all spells.
Flames lash Ijyb.
Ijyb is burned terribly!
Ijyb is heavily wounded.
Ijyb hits you but does no damage. Magic courses through your body.
Ijyb misses you.
Casting: Scorch (safe; 2% risk of failure)
Confirm with . or Enter, or press ? or * to list all spells.
You feel a surge of power!
You conjure some foxfire!
Ijyb barely misses you.
The foxfire hits Ijyb!
Ijyb is burned terribly!
Ijyb is severely wounded.
The foxfire hits the iguana.
The iguana is lightly wounded.
Ijyb barely misses you. The iguana closely misses you.
Casting: Foxfire (safe; 2% risk of failure)
Confirm with . or Enter, or press ? or * to list all spells.
Flames lash Ijyb but do no damage.
The iguana barely misses you. Ijyb barely misses you.
Casting: Scorch (safe; 2% risk of failure)
Confirm with . or Enter, or press ? or * to list all spells.
Flames lash the iguana.
The iguana is heavily wounded.
The iguana's fire resistance burns away.
The iguana bites you!
* * * LOW HITPOINT WARNING * * *
Ijyb completely misses you.
Casting: Scorch (safe; 2% risk of failure)
Confirm with . or Enter, or press ? or * to list all spells.
Flames lash the iguana.
The iguana is burned terribly!
You kill the iguana!
Ijyb is no longer more vulnerable to fire.
Ijyb zaps a wand.
You resist with almost no effort.
Your Dodging skill increases to level 4!
Casting: Scorch (safe; 2% risk of failure)
Confirm with . or Enter, or press ? or * to list all spells.
Flames lash Ijyb.
Ijyb is almost dead.
Ijyb's fire resistance burns away.
Ijyb hits you with a +0 club.
You die...

P~~~P...~~♣♣ ######
P≈≈~~~...~~♣♣........
#.....
≈≈≈~~~...P~♣#........
##.....
P≈~~P~..~P~♣#........
.......
~~≈~P....P♣##........
....... ~~~~PP...~#
#........ .......
♣~~P~~...## #........
.......
♣~~~~~....###g...?...
.......
#~~~~~###....@.......
####### #♣~PP♣
#####........ ###
#♣~♣ ######### ##.##
#~ ##.... # ##..##.
#.#[#.. #.#...#
#.#.#.# ######...#..


You could see Ijyb (combustible).

Vanquished Creatures
  Natasha (D:2)
  2 iguanas (D:4)
  A gnoll (D:1)
  3 adders
  A white imp (D:4)
  An ufetubus (D:4)
  4 dart slugs
  2 orcs
  5 ball pythons
  3 bats
  An endoplasm (D:2)
  5 giant cockroaches
  2 hobgoblins (D:3)
  4 jackals (D:3)
  A quokka (D:3)
  A frilled lizard (D:1)
  7 goblins
  4 kobolds
  9 rats
57 creatures vanquished.

Vanquished Creatures (others)
  183 foxfires
183 creatures vanquished.

Grand Total: 240 creatures vanquished

Notes
Turn   | Place    | Note
-------+----------+-------------------------------------------
     0 | D:1      | pk666 the Deep Elf Fire Elementalist began the quest for
                  | the Orb.
     0 | D:1      | Reached XP level 1. HP: 10/10 MP: 6/6
   295 | D:1      | Reached XP level 2. HP: 15/15 MP: 6/8
   389 | D:1      | Found a faded altar of an unknown god.
   859 | D:1      | Learned a level 2 spell: Scorch
  1003 | D:2      | Reached XP level 3. HP: 19/19 MP: 8/10
  1008 | D:2      | Identified the +4 mace "Usawodeg" {holy, Fragile rN+ Str+4}
  1208 | D:2      | Noticed Natasha
  1216 | D:2      | Killed Natasha
  1255 | D:2      | Identified the +5 quarterstaff "Zyttiog" {spect, Str+5}
  1335 | D:2      | Found a sparkling altar of Nemelex Xobeh.
  1482 | D:2      | Reached XP level 4. HP: 24/24 MP: 6/11
  1527 | D:2      | Learned a level 4 spell: Flame Wave
  1807 | D:3      | Got the Catalogue of Impure Stones
  1812 | D:3      | Learned a level 3 spell: Stone Arrow
  2611 | D:4      | Reached XP level 5. HP: 28/28 MP: 4/13
  2843 | D:4      | Found Tatuik's Antique Armour Shop.
  2850 | D:4      | Bought an embroidered robe for 74 gold pieces
  2956 | D:4      | Noticed Ijyb
  2973 | D:4      | Slain by Ijyb

Illustrated notes

Levels and vault maps discovered:
D:1:      evilmike_arrival_rings, layout_basic,
          shapermc_ecumenical_altar_totnotflames
D:2:      layout_rooms, basic_altar, kennysheep_generic_room_10, uniq_natasha
D:3:      layout_loops_cross
D:4:      layout_basic, serial_shops, shop,
          nicolae_concentric_dashed_squares_wild, serial_bayou_ford_a, uniq_ijyb

Skill      XL: |  1  2  3  4  5 |
---------------+----------------+-----
Dodging        | 3 4 |  4.0
Conjurations   | 2 |  2.9
Spellcasting   | 4 |  4.6
Fire Magic     | 4 |  4.4
Stealth        | |  2.5

Action                     |  1- 3 |  4- 6 || total
---------------------------+-------+-------++-------
   Cast: Foxfire           |    61 |    46 ||   107
         Scorch            |     2 |    15 ||    17
    Use: Potion            |       |     1 ||     1
 Armour: Robe              |       |     4 ||     4
  Dodge: Dodged            |     1 |    14 ||    15

Table legend: (Time is in decaauts)
 A = Elapsed time spent in this place.
 B = Non-inter-level travel time spent in this place.
 C = Inter-level travel time spent in this place.
 D = Time resting spent in this place.
 E = Time spent auto-exploring this place.
 F = Levels seen in this place.
 G = Mean time per level.
                   A        B        C        D        E       F      G
               +--------+--------+--------+--------+--------+-----+--------+
         Total |   2976 |   2922 |     54 |    215 |   2272 |   4 |  744.0 |
       Dungeon |   2976 |   2922 |     54 |    215 |   2272 |   4 |  744.0 |
               +--------+--------+--------+--------+--------+-----+--------+

Top non-repeatable levels by time:
     D:3: 922 daAuts
     D:1: 859 daAuts
     D:2: 683 daAuts
     D:4: 510 daAuts
